 Dungeon Crawl Stone Soup version 0.25-a0-435-g4b9beb1024 (webtiles) character file.

Game seed: 1018683985104580780, levelgen mode: classic

11349 EnegeticOcto the Cleaver (level 11, -9/99 HPs)
             Began as a Deep Dwarf Fighter on Jan 27, 2020.
             Was a Priest of Makhleb.
             Killed by refrigeration
             ... invoked by Fannar
              (24 damage)
             ... on level 10 of the Dungeon.
             The game lasted 00:07:59 (7175 turns).

EnegeticOcto the Cleaver (Deep Dwarf Fighter)       Turns: 7175, Time: 00:08:00

Health: -9/99      AC: 18    Str: 23    XL:     11   Next: 48%
Magic:  4/4        EV:  9    Int:  7    God:    Makhleb [***...]
Gold:   618        SH: 11    Dex: 12    Spells: 10/10 levels left

rFire    . . .     SeeInvis .   a - +1 war axe
rCold    . . .     Gourm    .   c - +0 shield
rNeg     . . .     Faith    .   v - +0 plate armour
rPois    +         Spirit   .   (helmet restricted)
rElec    .         Reflect  .   x - scarf {repulsion}
rCorr    .         Harm     .   (no gloves)
MR       +....                  b - +1 pair of boots {Stlth+}
Stlth    ..........             (no amulet)
HPRegen  0.00/turn              (no ring)
MPRegen  0.09/turn              C - ring of poison resistance

@: non-regenerating, repel missiles
A: damage resistance, heal wounds, horns 1, yellow scales 1, dopey 1, sense
surroundings 2, MP-powered wands, no regeneration
a: Heal Wounds, Minor Destruction, Lesser Servant of Makhleb, Renounce Religion


You were on level 10 of the Dungeon.
You worshipped Makhleb.
Makhleb was most pleased with you.
You were not hungry.

You visited 2 branches of the dungeon, and saw 11 of its levels.
You also visited: Ossuary.

You collected 618 gold pieces.

Inventory:

Hand Weapons
 a - a +1 war axe (weapon)
 I - a +2 hand axe of flaming
Armour
 b - a +1 pair of boots of stealth (worn)
 c - a +0 shield (worn)
 v - a +0 plate armour (worn)
 x - a scarf of repulsion (worn)
Jewellery
 C - a ring of poison resistance (right hand)
Wands
 l - a wand of iceblast (7)
 w - a wand of flame (81)
 y - a wand of acid (7)
 D - a wand of polymorph (44)
 E - a wand of paralysis (11)
 H - a wand of digging (2)
Scrolls
 h - 3 scrolls of enchant armour
 i - a scroll of blinking {@r4}
 j - 5 scrolls of noise
 k - 7 scrolls of teleportation {@r3}
 m - 2 scrolls of amnesia
 o - a scroll of fog
 p - 3 scrolls of magic mapping {@r5}
 r - 5 scrolls of remove curse {@r2}
 z - 3 scrolls of enchant weapon
Potions
 d - a potion of might {@q3}
 f - 2 potions of heal wounds {@q2}
 q - a potion of ambrosia
 s - a potion of mutation
 u - a potion of experience
 A - 5 potions of brilliance
 B - 2 potions of curing {@q1}
 F - a potion of resistance {unknown}
 J - 3 potions of lignification {@q6}
 K - 3 potions of haste {unknown}
Comestibles
 e - 21 rations
 g - 12 chunks of flesh


   Skills:
 + Level 6.9 Fighting
 * Level 10.8 Axes
 + Level 8.2 Armour
 + Level 7.3 Dodging
 + Level 8.2 Shields
 * Level 9.7 Invocations


You had 10 spell levels left.
You didn't know any spells.
Your spell library was empty.

Dungeon Overview and Level Annotations

Branches:
Dungeon (10/15)            Temple (1/1) D:6            Lair (0/6) D:8
    Orc (0/2) D:9         Ossuary (visited)

Altars:
Ashenzari
Cheibriados
Elyvilon
Fedhas
Gozag
Kikubaaqudgha
Makhleb
Nemelex Xobeh
Sif Muna
Trog
Vehumet
Wu Jian

Annotations:
D:3 1 runed translucent door, Yorgos's ghost, amateur GnFi
D:10 Fannar


Innate Abilities, Weirdness & Mutations

You are resistant to damage.
You can heal yourself by infusing magical energy.
You passively map the area around you.
You do not regenerate.
You have a pair of small horns on your head.
You are partially covered in yellow scales. (AC +2)
You are dopey. (Int -2)
You expend magic power (3 MP) to strengthen your wands.


Message History

You block Fannar's attack.
You closely miss Fannar. Your headbutt misses Fannar.
Fannar is lightly wounded.
You hit Fannar. Your headbutt misses Fannar.
Fannar is lightly wounded.
Fannar hits you but does no damage.
You hit Fannar but do no damage.
Fannar is lightly wounded.
Fannar closely misses you.
You slice Fannar!!
Fannar is moderately wounded.
You block Fannar's attack.
You slash Fannar! Your headbutt misses Fannar.
Fannar is heavily wounded.
Fannar hits you with a +0 quarterstaff of freezing.
Fannar freezes you.
You slash Fannar!
Fannar is severely wounded.
Fannar mumbles some strange words.
Fannar drains the heat from the surrounding environment!
You feel very cold.
Fannar is frozen.
Fannar resists.
You completely miss Fannar.
Fannar is severely wounded.
You block Fannar's attack.
Your plate armour prevents you from hitting Fannar.
Fannar is severely wounded.
You block Fannar's attack.
You hit Fannar but do no damage.
Fannar is severely wounded.
Fannar hits you but does no damage.
Your shield and plate armour prevent you from hitting Fannar.
Fannar is severely wounded.
You block Fannar's attack.
You miss Fannar. Your headbutt misses Fannar.
Fannar is severely wounded.
Fannar mumbles some strange words.
Your plate armour prevents you from hitting Fannar.
Your headbutt misses Fannar.
Fannar is severely wounded.
You block Fannar's attack.
You slash Fannar! You headbutt Fannar.
Fannar is almost dead.
Fannar mumbles some strange words.
Fannar drains the heat from the surrounding environment!
You feel very cold.
* * * LOW HITPOINT WARNING * * *
Fannar is frozen.
Fannar resists.
You are too injured to fight recklessly!
You are too injured to fight recklessly!
You are too injured to fight recklessly!
You are too injured to fight recklessly!
You are too injured to fight recklessly!
You miss Fannar. Your headbutt misses Fannar.
Fannar is almost dead.
Fannar hits you but does no damage.
Your magical essence is drained by the effort!
You feel much better.
Fannar gestures wildly while chanting.
You fail to use your ability.
Fannar misses you.
The ice beast hits you but does no damage.
Your plate armour prevents you from hitting Fannar.
Fannar is almost dead.
You hit the ice beast but do no damage. Fannar closely misses you.
You completely miss Fannar.
Fannar is almost dead.
You hit the ice beast but do no damage.
The ice beast hits you but does no damage.
You completely miss Fannar.
Fannar is almost dead.
You barely miss the ice beast. You block Fannar's attack.
The ice beast barely misses you.
You miss Fannar.
Fannar is almost dead.
You barely miss the ice beast.
The ice beast hits you but does no damage.
You hit the ice beast.
The ice beast is lightly wounded.
You hit the ice beast.
Fannar mumbles some strange words.
Fannar drains the heat from the surrounding environment!
You feel very cold.
* * * LOW HITPOINT WARNING * * *
Fannar is frozen.
Fannar resists.
You block the ice beast's attack.
Your plate armour prevents you from hitting the ice beast.
The ice beast is lightly wounded.
You slash the ice beast! You block the ice beast's attack.
The ice beast closely misses you.
You closely miss the ice beast.
The ice beast is lightly wounded.
You hit the ice beast but do no damage. You block the ice beast's attack. x2
You slash the ice beast! You headbutt the ice beast.
The ice beast is severely wounded.
You hit the ice beast. The ice beast barely misses you. x2
You slice the ice beast!!
You kill the ice beast!
You slash the ice beast!
Fannar mumbles some strange words.
Fannar drains the heat from the surrounding environment!
You feel very cold.
You die...

........'.## #........#
........#..###........#
.....:..##....รท.......#
#'############........#
#.# ##.####### #.# #.#
#.# #.## #.# #.Y# #.#
##@# #.# #.# #.# #e# ,*
#.# * #.# *, #.# #.# #.#
* *


You could see Fannar and an ice beast.

Vanquished Creatures
  Erica (D:9)
  2 two-headed ogres
  3 death yaks (D:8)
  Pikel (D:7)
  A cyclops (D:10)
  Joseph (D:7)
  A gargoyle (D:7)
  A troll (D:9)
  Prince Ribbit (D:9)
  A spriggan (D:7)
  A wraith (D:10)
  Sigmund (D:4)
  A hungry ghost (D:7)
  3 wargs (D:9)
  An acid dragon (D:8)
  Duvessa (D:4)
  A porcupine (D:8)
  3 sky beasts
  5 orc warriors
  3 slaves (D:7)
  3 phantoms
  3 black bears
  2 ogres
  4 centaurs
  2 elf zombies (Ossuary)
  Blork the orc (D:5)
  7 bullfrogs
  A big kobold (D:8)
  3 scorpions
  Dowan (D:4)
  A wight (D:7)
  2 howler monkeys
  6 crimson imps
  A centaur zombie (Ossuary)
  A jelly (D:9)
  9 hounds
  2 human zombies (Ossuary)
  5 orc priests
  6 orc wizards
  Ijyb (D:5)
  3 bullfrog skeletons
  4 iguanas
  4 worker ants
  2 hell rats (D:8)
  A killer bee zombie (D:8)
  A big kobold zombie (Ossuary)
  3 hound zombies (Ossuary)
  3 hound skeletons
  3 mummies (Ossuary)
  A worker ant zombie (D:6)
  7 gnolls
  A howler monkey skeleton (D:10)
  6 adders
  A river rat (D:8)
  A shadow imp (D:8)
  An ooze (D:1)
  An adder zombie (Ossuary)
  3 worms (D:2)
  A dart slug (D:2)
  4 leopard geckos
  21 orcs
  8 bats
  5 giant cockroaches (D:1)
  6 goblins
  5 hobgoblins
  10 jackals
  8 quokkas
  5 frilled lizards (D:2)
  2 goblin zombies (Ossuary)
  5 hobgoblin zombies (Ossuary)
  2 jackal zombies
  14 kobolds
  2 kobold zombies (Ossuary)
  2 leopard gecko skeletons
  2 orc zombies (Ossuary)
  4 quokka zombies (Ossuary)
  11 rats
  8 rat zombies (Ossuary)
265 creatures vanquished.

Vanquished Creatures (others)
  A plant (D:2)
1 creature vanquished.

Grand Total: 266 creatures vanquished

Notes
Turn   | Place    | Note
-------+----------+-------------------------------------------
     0 | D:1      | EnegeticOcto the Deep Dwarf Fighter began the quest for the
                  | Orb.
     0 | D:1      | Reached XP level 1. HP: 20/20 MP: 1/1
    99 | D:1      | Reached XP level 2. HP: 18/27 MP: 2/2
   122 | D:1      | Reached skill level 1 in Dodging
   385 | D:1      | Reached XP level 3. HP: 17/34 MP: 3/3
   619 | D:2      | Reached skill level 3 in Axes
  1104 | D:2      | Reached XP level 4. HP: 25/42 MP: 4/4
  1735 | D:3      | Found a runed translucent door.
  1737 | D:3      | Noticed Yorgos's ghost (amateur GnFi)
  1868 | D:3      | Reached XP level 5. HP: 30/49 MP: 5/5
  1922 | D:3      | Found a faded altar of an unknown god.
  2188 | D:4      | Noticed Duvessa
  2188 | D:4      | Noticed Dowan
  2188 | D:4      | Noticed Sigmund
  2220 | D:4      | Killed Sigmund
  2220 | D:4      | Reached skill level 4 in Axes
  2220 | D:4      | Reached XP level 6. HP: 24/56 MP: 5/5
  2223 | D:4      | Killed Dowan
  2244 | D:4      | Killed Duvessa
  2295 | D:4      | Reached skill level 5 in Axes
  2417 | D:4      | Reached XP level 7. HP: 55/63 MP: 0/5
  2457 | D:4      | Found a sparkling altar of Nemelex Xobeh.
  2688 | D:5      | Entered Level 5 of the Dungeon
  2896 | D:5      | Noticed Blork the orc
  2928 | D:5      | Killed Blork the orc
  3035 | D:5      | Reached skill level 5 in Armour
  3035 | D:5      | Reached skill level 5 in Shields
  3041 | D:5      | Reached skill level 6 in Axes
  3248 | D:5      | Noticed Ijyb
  3256 | D:5      | Killed Ijyb
  3256 | D:5      | Reached XP level 8. HP: 62/73 MP: 3/3
  3715 | D:6      | Found a radiant altar of Vehumet.
  3746 | D:6      | Reached skill level 7 in Axes
  3844 | D:6      | Found a staircase to the Ecumenical Temple.
  3896 | Temple   | Entered the Ecumenical Temple
  3971 | Temple   | Became a worshipper of Makhleb the Destroyer
  4322 | D:7      | Reached skill level 5 in Fighting
  4322 | D:7      | Reached skill level 1 in Invocations
  4363 | D:7      | Noticed Joseph
  4397 | D:7      | Gained mutation: You passively map the area around you.
                  | [Deep Dwarf growth]
  4397 | D:7      | Reached XP level 9. HP: 64/81 MP: 4/4
  4413 | D:7      | Killed Joseph
  4413 | D:7      | Reached skill level 5 in Dodging
  4531 | D:7      | Noticed a gargoyle
  4549 | D:7      | Killed a gargoyle
  4549 | D:7      | Reached skill level 8 in Axes
  4637 | D:7      | Noticed Pikel
  4672 | D:7      | Killed Pikel
  4700 | D:7      | Reached skill level 5 in Invocations
  5107 | D:8      | Noticed a death yak
  5108 | D:8      | Noticed a death yak
  5109 | D:8      | Found a staircase to the Lair.
  5109 | D:8      | Noticed a death yak
  5151 | D:8      | Killed a death yak
  5151 | D:8      | Reached skill level 9 in Axes
  5151 | D:8      | Reached XP level 10. HP: 56/91 MP: 7/7
  5153 | D:8      | Killed a death yak
  5157 | D:8      | Killed a death yak
  5164 | D:8      | Reached * piety under Makhleb
  5296 | D:8      | Found a sand-covered staircase.
  5303 | Ossuary  | Entered an ossuary
  5398 | Ossuary  | Reached ** piety under Makhleb
  5775 | D:8      | Noticed a two-headed ogre
  5795 | D:8      | Killed a two-headed ogre
  5795 | D:8      | Reached skill level 10 in Axes
  6215 | D:9      | Gained mutation: You are dopey. (Int -2) [potion of
                  | mutation]
  6215 | D:9      | Gained mutation: You occasionally shout uncontrollably at
                  | your foes. [potion of mutation]
  6215 | D:9      | Gained mutation: You have a pair of small antennae on your
                  | head. [potion of mutation]
  6216 | D:9      | Lost mutation: You occasionally shout uncontrollably at
                  | your foes. [potion of mutation]
  6216 | D:9      | Lost mutation: You have a pair of small antennae on your
                  | head. [potion of mutation]
  6216 | D:9      | Gained mutation: You are partially covered in yellow
                  | scales. (AC +2) [potion of mutation]
  6216 | D:9      | Gained mutation: You expend magic power (3 MP) to
                  | strengthen your wands. [potion of mutation]
  6216 | D:9      | Gained mutation: You have a pair of small horns on your
                  | head. [potion of mutation]
  6316 | D:9      | Noticed Prince Ribbit
  6402 | D:9      | Found a staircase to the Orcish Mines.
  6416 | D:9      | Reached XP level 11. HP: 79/99 MP: 8/8
  6439 | D:9      | Reached *** piety under Makhleb
  6456 | D:9      | Noticed Erica
  6478 | D:9      | Killed Erica
  6782 | D:9      | Killed Prince Ribbit
  6876 | D:10     | Entered Level 10 of the Dungeon
  6960 | D:10     | Noticed a two-headed ogre
  6981 | D:10     | Killed a two-headed ogre
  7139 | D:10     | Noticed Fannar
  7175 | D:10     | Killed from afar by Fannar

Levels and vault maps discovered:
D:1:      shiori_shiawase, layout_rooms
D:2:      kennysheep_six_static_rooms, layout_basic, serial_forest,
          infiniplex_forest_clump_tiny, infiniplex_forest_clump_diagonal,
          infiniplex_forest_clump_medium, infiniplex_forest_clump_tiny,
          infiniplex_forest_clump_double, infiniplex_forest_clump_long,
          infiniplex_forest_lined_room_2, infiniplex_forest_lined_ring
D:3:      layout_basic, ebering_ghost_reflecting_pool,
          chequers_ecumenical_altar_island
D:4:      layout_rooms, first_ration, nemelex_spade_bored_becter, uniq_duvessa,
          uniq_sigmund
D:5:      layout_basic, uniq_ijyb, uniq_blork_the_orc
D:6:      layout_loops_ring, vehumet_crystals, minmay_temple_entry_statues
D:7:      minmay_cornered_nines, layout_cave_pools, serial_column_ruins,
          column_ruins_hut_ruined, column_ruins_open_tiny,
          column_ruins_corridor_dead_end, column_ruins_open_tiny,
          column_ruins_corridor_plus, column_ruins_open_tiny, the_bakery,
          uniq_pikel, uniq_joseph
D:8:      layout_loops_corners, dpeg_lair_monsters,
          nicolae_ossuary_entry_monument, dk_rats_in_the_wall
D:9:      layout_gridville, minmay_orc_entry_guard_dogs, uniq_erica,
          uniq_prince_ribbit1
D:10:     layout_roguey, uniq_fannar
Temple:   roderic_octagonal_lattice_temple

Skill      XL: |  1  2  3  4  5  6  7  8  9 10 11 |
---------------+----------------------------------+-----
Dodging        | 1 2 3 4 5 6 7 |  7.3
Fighting       | 3 4 5 6 |  6.9
Axes           | 3 4 5 6 7 9 10 | 10.8
Armour         | 4 5 6 7 8 |  8.2
Shields        | 4 5 6 7 8 |  8.2
Invocations    | 2 6 8 9 |  9.7

Action                   |  1- 3 |  4- 6 |  7- 9 | 10-12 || total
-------------------------+-------+-------+-------+-------++-------
Melee: War axe           |   200 |   162 |   412 |   501 ||  1275
       Headbutt          |       |       |       |    53 ||    53
 Abil: Heal Wounds       |     1 |    13 |    25 |    16 ||    55
Evoke: Wand              |       |       |       |     1 ||     1
  Use: Scroll            |       |       |    15 |     7 ||    22
       Potion            |       |       |       |     2 ||     2
  Eat: Chunk             |     1 |     5 |    10 |     8 ||    24
       Ration            |       |       |     1 |       ||     1
Armor: Scale mail        |    20 |     3 |       |       ||    23
       Chain mail        |    81 |    78 |       |       ||   159
       Plate armour      |       |    12 |   279 |   208 ||   499
Dodge: Dodged            |    57 |    47 |   108 |   127 ||   339
       Deflected         |       |       |     4 |     6 ||    10
Block: Shield            |   102 |   127 |   238 |   284 ||   751

Table legend:
 A = Non-vault XP
 B = Vault XP
 C = Vault XP percentage of total XP
 D = Non-vault monster count
 E = Vault monster count
 F = Vault count percentage of total count
                 A         B        C        D         E       F
            +---------+---------+-------+---------+---------+-------
      Total |    8788 |    7426 |  45.8 |     192 |      70 |  26.7
            +---------+---------+-------+---------+---------+-------
        D:1 |      46 |       0 |   0.0 |      24 |       0 |   0.0
        D:2 |      62 |      17 |  21.5 |      29 |       6 |  17.1
        D:3 |      89 |       0 |   0.0 |      16 |       0 |   0.0
        D:4 |     134 |     423 |  75.9 |       5 |       3 |  37.5
        D:5 |     704 |     135 |  16.1 |      23 |       2 |   8.0
        D:6 |     751 |       0 |   0.0 |      12 |       0 |   0.0
        D:7 |     520 |    1783 |  77.4 |      11 |       6 |  35.3
        D:8 |    2168 |    2827 |  56.6 |      26 |      11 |  29.7
        D:9 |    1391 |    1747 |  55.7 |      21 |       5 |  19.2
       D:10 |    2923 |       0 |   0.0 |      25 |       0 |   0.0
    Ossuary |       0 |     494 | 100.0 |       0 |      37 | 100.0
            +---------+---------+-------+---------+---------+-------
